 Dungeon Sprint DCSS version 0.27-a0-1158-gaa87e14f67 (webtiles) character file.

Game seed: 10789015445650157364

722 mhtbhm the Destroyer (level 7, -1/38 HPs)
             Began as a Deep Elf Conjurer on May 15, 2021.
             Was a High Priest of Vehumet.
             Slain by an elephant (15 damage)
             ... in the Dungeon (Sprint VII: "The Pits").
             The game lasted 00:03:09 (1878 turns).

mhtbhm the Destroyer (Deep Elf Conjurer)            Turns: 1878, Time: 00:03:10

Health: -1/38      AC:  3    Str:  4    XL:     7   Next: 43%
Magic:  16/21      EV: 14    Int: 25    God:    Vehumet [*****.]
Gold:   0          SH:  0    Dex: 13    Spells: 6/23 levels left

rFire    . . .     SeeInvis .   j - +2 quarterstaff (protect)
rCold    + . .     Faith    .   (shield currently unavailable)
rNeg     . . .     Spirit   .   a - +1 robe {rC+}
rPois    .         Reflect  .   (no helmet)
rElec    .         Harm     .   (no cloak)
rCorr    .         Rampage  .   (no gloves)
Will     .....     NoTele   +   (no boots)
Stlth    +++.......             (no amulet)
HPRegen  0.12/turn              (no ring)
MPRegen  0.17/turn              (no ring)

@: no status effects
A: no striking features
a: Renounce Religion


You were in the Dungeon.
You worshipped Vehumet.
Vehumet was extremely pleased with you.
You visited 1 branch

Inventory:

Hand Weapons
 j - a +2 quarterstaff of protection (weapon)
Armour
 a - a +1 robe of cold resistance (worn)
Scrolls
 c - 5 scrolls of amnesia
 h - a scroll of blinking
 i - a scroll of summoning
Potions
 b - 2 potions of invisibility
 d - 6 potions of heal wounds
 e - a potion of haste
 f - 4 potions of magic
 g - 3 potions of berserk rage
 k - 5 potions of curing


   Skills:
 + Level 1.0 Fighting
 + Level 6.2 Dodging
 + Level 5.9 Stealth
 + Level 8.9 Spellcasting
 + Level 14.6 Conjurations


You had 6 spell levels left.
You knew the following spells:

 Your Spells              Type           Power      Damage    Failure   Level
a - Magic Dart            Conj           100%       1d8       0%          1
b - Searing Ray           Conj           100%       3d7       0%          2
c - Dazzling Flash        Conj/Hex       94%        N/A       1%          3
d - Iskenderun's Mystic   Conj/Tloc      47%        2d10      1%          4
e - Fulminant Prism       Conj/Hex       23%        3d13      1%          4
f - Mephitic Cloud        Conj/Pois/Air  35%        N/A       1%          3

Your spell library contained the following spells:

 Spells                   Type           Power      Damage    Failure   Level
 Orb of Destruction       Conj           35%        9d13      3%          7


Dungeon Overview and Level Annotations

Branches:
Dungeon (1/1)

Altars:
Ashenzari
Cheibriados
Dithmenos
Elyvilon
Fedhas
Gozag
Hepliaklqana
Kikubaaqudgha
Makhleb
Nemelex Xobeh
Okawaru
Qazlal
Ru
Sif Muna
Trog
Uskayaw
Vehumet
Wu Jian
Xom
Yredelemnul
Zin
The Shining One
Beogh
Jiyva
Lugonu


Message History

The ufetubus barely misses you. The ufetubus closely misses you.
Unknown command.
Casting: Searing Ray (safe; 0% risk of failure)
Confirm with . or Enter, or press ? or * to list all spells.
Aiming: Searing Ray (safe; 0% risk of failure)
Press: ? - help, Shift-Dir - straight line, f - ufetubus
Aim: an ufetubus (72% to hit)
The searing ray hits the ufetubus!
You kill the ufetubus!
Vehumet accepts your kill.
You feel your power returning. (Press . to maintain the ray.) Unknown command.
You start resting.
Magic restored.
You start waiting.
Done waiting.
There is an open door here.
You open the door.
An elephant comes into view.
Casting: Searing Ray (safe; 0% risk of failure)
Confirm with . or Enter, or press ? or * to list all spells.
Aiming: Searing Ray (safe; 0% risk of failure)
Press: ? - help, Shift-Dir - straight line, f - elephant
Aim: an elephant (100% to hit)
The searing ray hits the elephant!
The elephant is lightly wounded. (Press . to maintain the ray.)
The elephant tramples you.
You hold your ground!
The elephant trunk-slaps you.
The searing ray hits the elephant but does no damage.
The elephant is lightly wounded.
The elephant tramples you!
You hold your ground!
The elephant closely misses you.
The searing ray hits the elephant!
The elephant is moderately wounded.
The elephant barely misses you. The elephant trunk-slaps you.
The searing ray hits the elephant!
The elephant is heavily wounded.
You finish channeling your searing ray.
The elephant tramples you!
You die...

#.#........##.......#
#'###########.......#
#.......# #########
#..###..# #.......#
##.###.##+#
#.......#.+
#..###..#Y#
#.....).'@#
###########


You could see an elephant.

Vanquished Creatures
  An ice beast (D)
  A centaur (D)
  10 wights (D)
  A gnoll shaman (D)
  Terence (D)
  4 gnolls (D)
  3 adders (D)
  An ufetubus (D)
  A ball python (D)
  An endoplasm (D)
  A giant cockroach (D)
  A quokka (D)
  2 frilled lizards (D)
  A kobold (D)
29 creatures vanquished.

Notes
Turn   | Place    | Note
-------+----------+-------------------------------------------
     0 | D        | mhtbhm the Deep Elf Conjurer began the quest for the Orb.
     0 | D        | Reached XP level 1. HP: 10/10 MP: 6/6
    16 | D        | Reached skill level 5 in Conjurations
    16 | D        | Reached XP level 2. HP: 15/15 MP: 0/8
   163 | D        | Found a bloodstained altar of Trog.
   163 | D        | Found a shimmering blue altar of Sif Muna.
   163 | D        | Found a viscous altar of Jiyva.
   163 | D        | Found a hazy altar of Hepliaklqana.
   163 | D        | Found an opulent altar of Gozag.
   164 | D        | Found a glowing golden altar of the Shining One.
   164 | D        | Found a glowing silver altar of Zin.
   164 | D        | Found a basalt altar of Yredelemnul.
   164 | D        | Found a shimmering altar of Xom.
   164 | D        | Found an ornate altar of the Wu Jian Council.
   164 | D        | Found a sacrificial altar of Ru.
   164 | D        | Found a stormy altar of Qazlal.
   164 | D        | Found an iron altar of Okawaru.
   164 | D        | Found a sparkling altar of Nemelex Xobeh.
   164 | D        | Found a burning altar of Makhleb.
   164 | D        | Found a blossoming altar of Fedhas.
   164 | D        | Found a white marble altar of Elyvilon.
   164 | D        | Found a shadowy altar of Dithmenos.
   164 | D        | Found a snail-covered altar of Cheibriados.
   166 | D        | Found a radiant altar of Vehumet.
   166 | D        | Found a corrupted altar of Lugonu.
   167 | D        | Found a hide-covered altar of Uskayaw.
   167 | D        | Found an ancient bone altar of Kikubaaqudgha.
   167 | D        | Found a broken altar of Ashenzari.
   174 | D        | Became a worshipper of Vehumet
   225 | D        | Reached skill level 6 in Conjurations
   230 | D        | Learned a level 2 spell: Searing Ray
   301 | D        | Reached * piety under Vehumet
   301 | D        | Offered knowledge of Sandblast by Vehumet.
   449 | D        | Offered knowledge of Poisonous Vapours by Vehumet.
   449 | D        | Reached ** piety under Vehumet
   452 | D        | Reached skill level 7 in Conjurations
   506 | D        | Noticed an ice beast
   514 | D        | Killed an ice beast
   515 | D        | Reached skill level 5 in Spellcasting
   515 | D        | Reached skill level 9 in Conjurations
   515 | D        | Reached XP level 3. HP: 2/19 MP: 2/11
   515 | D        | Reached XP level 4. HP: 2/24 MP: 2/13
   845 | D        | Noticed a centaur
   846 | D        | Noticed Terence
   854 | D        | Offered knowledge of Frozen Ramparts by Vehumet.
   854 | D        | Reached *** piety under Vehumet
   855 | D        | Reached skill level 10 in Conjurations
   855 | D        | Reached XP level 5. HP: 28/28 MP: 11/15
   876 | D        | Killed Terence
   877 | D        | Reached skill level 11 in Conjurations
  1014 | D        | Learned a level 3 spell: Dazzling Flash
  1019 | D        | Learned a level 4 spell: Iskenderun's Mystic Blast
  1024 | D        | Learned a level 4 spell: Fulminant Prism
  1034 | D        | Offered knowledge of Airstrike by Vehumet.
  1034 | D        | Reached **** piety under Vehumet
  1035 | D        | Reached skill level 5 in Dodging
  1035 | D        | Reached skill level 12 in Conjurations
  1035 | D        | Reached XP level 6. HP: 19/33 MP: 12/17
  1036 | D        | Reached skill level 5 in Stealth
  1044 | D        | Reached skill level 13 in Conjurations
  1123 | D        | Reached ***** piety under Vehumet
  1124 | D        | Reached XP level 7. HP: 22/37 MP: 12/20
  1132 | D        | Reached skill level 14 in Conjurations
  1280 | D        | Offered knowledge of Mephitic Cloud by Vehumet.
  1285 | D        | Learned a level 3 spell: Mephitic Cloud
  1405 | D        | Offered knowledge of Orb of Destruction by Vehumet.
  1406 | D        | Reached skill level 1 in Fighting
  1874 | D        | Noticed an elephant
  1878 | D        | Slain by an elephant

Illustrated notes

Levels and vault maps discovered:
D:        pitsprint [storerooms_1, entrance_room_1, metal_vault_7, armoury_1,
          mini_pit_1, grid_room_1, main_hall_1, silver_pit, the_coven_1,
          the_vestibule_1, steel_vault_3, golden_pit, hallway_of_sentries,
          crystal_vault_5, iron_vault_5, final_vault]

Skill      XL: |  1  2  3  4  5  6  7 |
---------------+----------------------+-----
Conjurations   | 5 9 10 12 13 14 | 14.6
Stealth        | 3 4 5 |  5.9
Dodging        | 4 5 6 |  6.2
Spellcasting   | 5 6 7 8 |  8.9
Fighting       | 1 |  1.0

Action                   |  1- 3 |  4- 6 |  7- 9 || total
-------------------------+-------+-------+-------++-------
 Cast: Magic Dart        |    15 |     3 |       ||    18
       Searing Ray       |     3 |     7 |    10 ||    20
  Use: Potion            |     1 |       |       ||     1
Armor: Robe              |     1 |       |       ||     1
Dodge: Dodged            |     3 |     2 |     5 ||    10

Table legend: (Time is in decaauts)
 A = Elapsed time spent in this place.
 B = Non-inter-level travel time spent in this place.
 C = Inter-level travel time spent in this place.
 D = Time resting spent in this place.
 E = Time spent auto-exploring this place.
 F = Levels seen in this place.
 G = Mean time per level.
                   A        B        C        D        E       F      G
               +--------+--------+--------+--------+--------+-----+--------+
         Total |   1877 |   1877 |      0 |   1505 |     33 |   1 | 1877.0 |
       Dungeon |   1877 |   1877 |      0 |   1505 |     33 |   1 | 1877.0 |
               +--------+--------+--------+--------+--------+-----+--------+

Top non-repeatable levels by time:
       D: 1877 daAuts
